Map: Dusk Towers

Players

Alex

  • Race: Terran Terran
  • League: Gold

capac - Winner!

  • Race: Terran Terran
  • League: Gold

VOD

Have the link to the VOD?

Description

Time

  • Played on: March 3, 2016, 1:16 p.m.
  • Length: 10:18
Show
View Real Time Build Order
Export as new Build Order

Alex Terran 

Build Orders: 1/1/1, Banshee Rush 

Get SALT Encoding   

  12  0:01  SCV  
  13  0:13  SCV  
  14  0:18  Supply Depot  
  14  0:25  SCV  
  15  0:29  Refinery  
  15  0:39  SCV  
  16  0:46  Barracks  
  16  0:53  SCV  
  17  0:59  Refinery  
  17  1:09  SCV  
  18  1:21  SCV  
  19  1:33  Reaper  
  19  1:38  Factory  
  20  1:42  Supply Depot  
  20  2:02  Orbital Command  
  20  2:07  Reaper  
  20  2:22  Hellion  
  22  2:25  Starport  
  22  2:31  SCV  
  23  2:40  Barracks Tech Lab  
  23  2:44  Hellion  
  23  2:46  SCV  
  26  2:56  Supply Depot  
  26  3:08  Barracks Tech Lab, Barracks, Factory Tech Lab  
  26  3:15  Cloaking Field  
  26  3:24  Banshee  
  29  3:31  SCV  
  30  3:39  Marine  
  31  3:42  Siege Tank  
  31  3:45  SCV  
  35  3:53  Supply Depot  
  35  3:55  Barracks Reactor  
  35  3:59  Marine  
  35  4:01  SCV  
  37  4:07  Stimpack  
  37  4:16  Banshee  
  40  4:23  Supply Depot  
  40  4:26  SCV  
  41  4:36  Siege Tank  
  44  4:48  Supply Depot, Marine x3  
  47  5:04  Barracks  
  47  5:07  Marine x3  
  50  5:25  Marine  
  50  5:26  Marine x2  
  53  5:31  Starport Reactor  
  53  5:39  Barracks  
  53  5:42  Barracks, Marine  
  53  5:45  Siege Tank  
  57  5:52  Barracks Reactor  
  57  5:54  Marine x2  
  59  6:00  Marine  
  60  6:12  Marine x2  
  52  6:34  Siege Tank  
  46  6:53  Marine x5  
  46  6:54  Marine  
  49  7:06  Siege Tank  
  52  7:11  Marine x2  
  52  7:12  Marine  
  52  7:13  Marine x3  
  58  7:19  Medivac x2  
  59  7:28  Marine  
  59  7:29  Marine  
  61  7:30  Marine  
  61  7:36  Supply Depot  
  62  7:40  Marine  
  63  7:48  Marine x4, Siege Tank  
  63  7:49  Marine  
  71  7:57  Medivac  
  73  8:02  Marine  
  71  8:06  Marine x3  
  74  8:14  Marine x2  
  76  8:20  Marine  
  77  8:43  Medivac  
  79  8:52  Supply Depot  
  79  9:13  Marine x3, Siege Tank, Medivac  
  87  9:56  Marine x6  
Show
View Real Time Build Order
Export as new Build Order

capac Terran - Winner!

Build Orders: MMM Bio 

Get SALT Encoding   

  12  0:02  SCV  
  13  0:14  SCV  
  13  0:18  Supply Depot  
  14  0:26  SCV  
  15  0:40  SCV  
  15  0:42  Barracks  
  16  0:46  Refinery  
  16  0:52  SCV  
  17  1:04  SCV  
  18  1:16  SCV  
  19  1:28  SCV  
  20  1:34  Barracks Reactor  
  20  1:37  Command Center  
  20  1:40  SCV  
  21  1:48  Supply Depot  
  21  1:53  SCV  
  22  2:05  Orbital Command  
  22  2:15  Factory, Marine  
  23  2:16  Marine  
  24  2:31  Refinery  
  24  2:33  Marine  
  24  2:34  Marine  
  26  2:43  Barracks  
  26  2:51  Marine  
  27  2:52  Marine  
  27  2:53  SCV  
  27  2:55  Orbital Command  
  29  3:03  Factory Tech Lab  
  29  3:14  Marine x2  
  31  3:23  Siege Tank  
  31  3:25  Starport  
  31  3:27  SCV x2  
  36  3:32  Barracks Tech Lab  
  36  3:37  Supply Depot  
  36  3:39  Marine x2  
  38  3:41  SCV  
  38  3:44  SCV  
  40  3:53  Marine  
  41  3:58  Siege Tank  
  44  4:10  SCV x2  
  44  4:12  Starport Reactor  
  44  4:13  Medivac  
  44  4:15  Marine x2  
  44  4:16  Marine  
  51  4:21  Supply Depot  
  51  4:27  SCV x2  
  51  4:30  Engineering Bay  
  53  4:37  Marine  
  54  4:43  Marine x2, Siege Tank  
  54  4:44  Supply Depot  
  59  4:50  Refinery  
  59  4:54  SCV x2  
  59  4:57  Marine  
  59  4:59  Stimpack  
  62  5:06  Refinery, SCV x2  
  64  5:10  Supply Depot  
  64  5:14  Marine  
  64  5:15  Marine  
  64  5:17  Marine  
  64  5:18  SCV  
  64  5:19  SCV  
  69  5:32  Supply Depot, Siege Tank  
  69  5:34  Medivac  
  75  5:35  SCV x2  
  76  5:43  Marine  
  76  5:44  Marine  
  78  5:53  Marine  
  78  5:54  SCV x2  
  78  5:55  Supply Depot  
  81  5:57  Missile Turret  
  81  6:02  Missile Turret  
  81  6:04  Marine x2  
  81  6:05  Missile Turret  
  73  6:40  Marine x2  
  73  6:41  Marine  
  72  6:58  Marine x2  
  73  7:03  Missile Turret  
  73  7:11  SCV  
  73  7:12  SCV  
  75  7:36  Siege Tank  
  78  7:57  SCV  
  78  7:58  Marine x3, SCV  
  80  8:05  Barracks  
  83  8:06  Supply Depot, Combat Shields  
  83  8:07  Starport, Barracks  
  83  8:16  Marine, Command Center  
  84  8:25  Starport Reactor  
  84  8:40  Siege Tank  
  87  8:46  Liberator x2  
  87  8:47  Starport Reactor  
  87  8:48  Starport  
  87  8:52  Supply Depot  
  87  8:54  Barracks Reactor  
  87  8:56  Barracks Reactor  
  93  9:13  Siege Tank  
  96  9:17  Supply Depot  
  96  9:21  Marine x3  
  99  9:32  Missile Turret  
  99  9:36  Marine x3  
  99  9:37  Marine  
  99  9:38  Starport Reactor, Marine, Missile Turret  
  103  9:40  Medivac x2  
  108  9:46  Viking x2  
Tags
 
Composition
MMM Bio
League
GoldGold
Matchup
TvT
Opening
1/1/1
Race
Terran
Strategy
Banshee Rush
Add a new tag
Caveats
  • Supply blocks, unpowered buildings, or Contaminate may cause inaccurate times.
  • Supply counts are checked every 10 seconds.